 Dungeon Crawl Stone Soup version 0.18-b1-2-gd0c887e (webtiles) character file.

378 Gargoyl the Skirmisher (level 6, 0/72 HPs)
             Began as a Demonspawn Abyssal Knight on Apr 28, 2016.
             Was a Priest of Lugonu.
             Slain by an ice beast (3 damage)
             ... on level 4 of the Dungeon.
             The game lasted 00:09:31 (4890 turns).

Gargoyl the Skirmisher (Demonspawn Abyssal Knight)  Turns: 4890, Time: 00:09:31

Health: 0/72       AC: 23    Str: 14    XL:     6   Next: 45%
Magic:  8/8        EV:  2    Int: 16    God:    Lugonu [***...]
Gold:   180        SH:  0    Dex: 11    Spells: 0 memorised, 5 levels left

rFire  . . .     SeeInvis .     a - +1 hand axe
rCold  . . .     Gourm    .     (armour currently unavailable)
rNeg   + + +     Faith    .     (no shield)
rPois  +         Spirit   .     (helmet currently unavailable)
rElec  .         Dismiss  .     (cloak currently unavailable)
rCorr  .         Reflect  .     (gloves currently unavailable)
SustAt .         Harm     .     (boots currently unavailable)
MR     +....     NoTele   +     (no amulet)
Stlth  +.........               x - ring of protection from magic
                                d - +2 ring of intelligence

@: tree-form, heavily drained, somewhat resistant to hostile enchantments, very
unstealthy
A: (talons 0), rough black scales 1
a: Depart the Abyss, Bend Space, Banish, Renounce Religion


You were on level 4 of the Dungeon.
You worshipped Lugonu.
Lugonu was most pleased with you.
You were not hungry.
You were a tree.
You visited 1 branch of the dungeon, and saw 5 of its levels.
You visited the Abyss 1 time.

You collected 222 gold pieces.
You spent 42 gold pieces at shops.

Inventory:

Hand Weapons
 a - a +1 hand axe (weapon)
 q - a +0 halberd
 B - a +1 flail of draining
Armour
 z - a +0 chain mail (melded)
Jewellery
 d - a +2 ring of intelligence (left branch)
 x - a ring of protection from magic (right branch)
Wands
 f - a wand of slowing (21/48)
 y - a wand of lightning (0/15)
 A - a wand of slowing (15/48)
Scrolls
 g - a scroll of magic mapping {unknown}
 h - a scroll of recharging {unknown}
 i - 2 scrolls of immolation {unknown}
 m - a scroll of teleportation {unknown}
 n - 2 scrolls of fear {unknown}
 r - 5 scrolls of identify {unknown}
 u - a scroll of noise {unknown}
 C - a scroll of enchant armour {unknown}
Potions
 e - a potion of degeneration {unknown}
 j - a potion of berserk rage {unknown}
 l - a potion of lignification
 o - a potion of heal wounds {unknown}
 t - a potion of might {unknown}
 D - a potion of brilliance {unknown}
Books
 k - a book of Summonings

   Spells                             Type                      Level
   a - Recall                         Summoning/Translocation      3
   b - Aura of Abjuration             Summoning                    5
   c - Summon Demon                   Summoning                    5
   d - Summon Forest                  Summoning/Translocation      5
   e - Summon Mana Viper              Hexes/Summoning              5
   f - Shadow Creatures               Summoning                    6
 v - a book of Ice

   Spells                             Type                      Level
   a - Ice Form                       Ice/Transmutation            4
   b - Metabolic Englaciation         Hexes/Ice                    5
   c - Ozocubu's Refrigeration        Ice                          6
   d - Bolt of Cold                   Conjuration/Ice              6
   e - Freezing Cloud                 Conjuration/Ice/Air          6
   f - Simulacrum                     Ice/Necromancy               6
Comestibles
 c - 5 bread rations
 p - 2 slices of pizza
 s - 2 beef jerkies
 w - 2 meat rations


   Skills:
 + Level 4.3(3.0) Fighting
 + Level 2.8(1.6) Axes
 * Level 4.3(3.1) Armour
 + Level 2.4(1.2) Dodging
 + Level 0.2(0.0) Stealth
 + Level 2.7(1.5) Invocations


You had 5 spell levels left.
You didn't know any spells.

Dungeon Overview and Level Annotations

Branches:
Dungeon (5/15)             Temple (0/1) D:4

Altars:
Dithmenos
Fedhas
Nemelex Xobeh
Pakellas
Ru
Xom
Zin

Shops:
D:5 !


Innate Abilities, Weirdness & Mutations

((You have razor-sharp toenails.))
(You are partially covered in rough black scales (AC +4, Dex -1).)


Message History

The ice beast freezes you!
* * * LOW HITPOINT WARNING * * *
Drink which item? (? for menu, Esc to quit)
It was a potion of lignification.
You turn into a tree.
Your +0 chain mail melds into your body.
Your roots penetrate the ground.
The ice beast hits you but does no damage.
You hit the ice beast but do no damage.
The ice beast is almost dead.
The ice beast hits you but does no damage.
Drink which item? (? for menu, Esc to quit)
It was a potion of cure mutation.
It has a very clean taste.
The ice beast hits you but does no damage.
You hit the ice beast.
The ice beast is almost dead.
The ice beast hits you but does no damage.
You closely miss the ice beast.
The ice beast is almost dead.
The ice beast hits you.
You die...

##### ############# ....#
#.......<...## ###.#
#.########)..# ###.######
########.#######..... ##.......#
#...♣Y...............
##.......####>######.####.##....^
...............Y......# #.###...#
##.......>....######..# #.....#..
##.......###### #..# #.####...
##.......# #..###[## #..#
##.......# #..##...###..#
###.#.#### #........##..# ....#.#
#########.............


You could see an ice beast.

Vanquished Creatures
  Edmund (D:4)
  A giant frog skeleton (D:4)
  A centaur skeleton (D:4)
  A worker ant (D:4)
  A howler monkey skeleton (D:4)
  9 adders
  An ooze (D:4)
  3 worms
  4 dart slugs
  A giant gecko (D:1)
  2 orcs (D:4)
  2 giant cockroaches
  9 hobgoblins
  A ball python (D:4)
  8 bats
  A giant gecko zombie (D:5)
  5 giant newts
  10 goblins
  10 kobolds
  8 rats
79 creatures vanquished.

Notes
Turn   | Place    | Note
--------------------------------------------------------------
     0 | Abyss:1  | Gargoyl the Demonspawn Abyssal Knight began the quest for the Orb.
     0 | Abyss:1  | Reached XP level 1. HP: 18/18 MP: 2/2
    76 | Abyss:1  | Noticed a large abomination
    85 | Abyss:2  | Found a corrupted altar of Lugonu.
   116 | Abyss:2  | Noticed a sun demon
   117 | Abyss:2  | Noticed a large abomination
   129 | D:1      | Escaped the Abyss
   433 | D:1      | Reached * piety under Lugonu
   447 | D:1      | Reached skill level 1 in Dodging
   456 | D:1      | Gained mutation: You have sharp toenails. [demonic ancestry]
   456 | D:1      | Reached XP level 2. HP: 20/24 MP: 3/3
   675 | D:1      | Found a sparkling altar of Nemelex Xobeh.
   997 | D:2      | Gained mutation: You have razor-sharp toenails. [demonic ancestry]
   997 | D:2      | Reached XP level 3. HP: 29/29 MP: 5/5
  1485 | D:2      | Found a glowing silver altar of Zin.
  1669 | D:2      | Reached ** piety under Lugonu
  1861 | D:2      | Gained mutation: You are partially covered in rough black scales (AC +4, Dex -1). [demonic ancestry]
  1861 | D:2      | Reached XP level 4. HP: 33/37 MP: 6/6
  2066 | D:3      | Found a shimmering altar of Xom.
  2910 | D:3      | Reached XP level 5. HP: 21/42 MP: 7/7
  3247 | D:3      | Found an oddly glowing altar of Pakellas.
  3248 | D:3      | Found a sacrificial altar of Ru.
  3248 | D:3      | Found a shadowy altar of Dithmenos.
  3248 | D:3      | Found a blossoming altar of Fedhas.
  3852 | D:4      | Noticed Edmund
  3866 | D:4      | Killed Edmund
  3866 | D:4      | Reached XP level 6. HP: 35/48 MP: 8/8
  3878 | D:4      | Reached *** piety under Lugonu
  4243 | D:4      | Found a staircase to the Ecumenical Temple.
  4553 | D:5      | Entered Level 5 of the Dungeon
  4553 | D:5      | Found Pantose's Distillery.
  4563 | D:5      | Bought a potion of curing for 42 gold pieces
  4603 | D:5      | Noticed an ice beast
  4620 | D:4      | HP: 2/48 [ice beast (12)]
  4880 | D:4      | HP: 1/48 [ice beast (11)]
  4890 | D:4      | Slain by an ice beast

Skill      XL: |  1  2  3  4  5 |
---------------+----------------+-----
Dodging        | 1 2 |  2.4
Armour         | 2 3 4 |  4.3
Axes           | 2 |  2.8
Fighting       | 4 |  4.3
Stealth        | |  0.2
Invocations    | |  2.7

Action                   |  1- 3 |  4- 6 || total
-------------------------+-------+-------++-------
Melee: Hand axe          |   134 |   206 ||   340
       Kick              |    21 |    48 ||    69
Invok: Depart the Abyss  |     1 |       ||     1
Evoke: Wand              |       |     7 ||     7
  Use: Potion            |       |     3 ||     3
  Eat: Chunk             |     3 |     2 ||     5
       Fruit             |       |     4 ||     4
       Bread ration      |       |     1 ||     1
Armor: Leather armour    |     7 |       ||     7
       Scale mail        |    48 |    51 ||    99
       Chain mail        |       |    80 ||    80
       Skin              |       |     4 ||     4
Dodge: Dodged            |    60 |    81 ||   141
